 Dungeon Crawl Stone Soup version 0.22.0-2-ge58baed0e8 (webtiles) character file.

37 Chiseanne the Sneak (level 3, 0/24 HPs)
             Began as a Vampire Fire Elementalist on Aug 12, 2018.
             Succumbed to an adder's poison
             ... on level 2 of the Dungeon.
             The game lasted 00:03:50 (1033 turns).

Chiseanne the Sneak (Vampire Fire Elementalist)     Turns: 1033, Time: 00:03:50

Health: 0/24       AC:  2    Str:  7    XL:     3   Next: 23%
Magic:  1/6        EV: 12    Int: 18    God:
Gold:   42         SH:  5    Dex: 14    Spells: 5/6 levels left

rFire    . . .     SeeInvis +   a - +1 whip
rCold    . . .     Gourm    .   m - +1 buckler
rNeg     + . .     Faith    .   l - +0 robe
rPois    .         Spirit   .   (no helmet)
rElec    .         Reflect  .   (no cloak)
rCorr    .         Harm     .   (no gloves)
MR       .....                  (no boots)
Stlth    ++........             (no amulet)
HPRegen  0.08/turn              (no ring)
MPRegen  0.10/turn              (no ring)

@: lethally poisoned (0 -> -3), very slightly contaminated
A: fangs 3, see invisible, unbreathing
a: Bat Form


You were on level 2 of the Dungeon.
You were not thirsty.

You visited 1 branch of the dungeon, and saw 2 of its levels.

You collected 42 gold pieces.

Inventory:

Hand Weapons
 a - a +1 whip (weapon)
Missiles
 b - 21 arrows
 e - 17 poisoned needles
 g - 29 stones (quivered)
 i - 16 bolts
Armour
 l - a +0 robe (worn)
 m - a +1 buckler (worn)
Potions
 c - 4 potions of blood


   Skills:
 - Level 2.1 Dodging
 - Level 3.0 Stealth
 + Level 1.0 Shields
 - Level 2.4 Spellcasting
 - Level 1.2 Conjurations
 - Level 2.7 Fire Magic


You had 5 spell levels left.
You knew the following spells:

 Your Spells              Type           Power        Failure   Level  Hunger
a - Flame Tongue          Conj/Fire      #....        11%         1    #......

Your spell library contained the following spells:

 Spells                   Type           Power        Failure   Level  Hunger
 Fireball                 Conj/Fire      #.........   97%         5    ######.
 Conjure Flame            Conj/Fire      #.......     32%         3    ###....
 Throw Flame              Conj/Fire      #.....       17%         2    ##.....
 Sticky Flame             Conj/Fire      #.......     73%         4    #####..
 Inner Flame              Hex/Fire       #.......     41%         3    ###....


Dungeon Overview and Level Annotations

Branches:
Dungeon (2/15)

Altars:

Annotations:
D:2 Terence


Innate Abilities, Weirdness & Mutations

You have razor-sharp teeth.
You have supernaturally acute eyesight. (SInv)
You can survive without breathing.


Message History

* * * LOW HITPOINT WARNING * * *
The adder closely misses you.
Casting: Flame Tongue (safe; 12% risk of failure)
Confirm with . or Enter, or press ? or * to list all spells.
You don't have enough magic to cast that spell.
Unknown command.
You hit the adder.
You kill the adder!
Your Shields skill increases to level 1!
* * * LOW HITPOINT WARNING * * *
You feel sick.
There is a stone staircase leading up here.
There is a lethal amount of poison in your body!
There is a lethal amount of poison in your body!
Your magical effects are unravelling.
You feel magically purged.
You feel slightly less contaminated with magical energies.
Your resistance to elements expires.
Yummy - fresh blood!
You die...

#.## ###########..#
#..........#...[@..
#..........####....
#..........##.. ...
#.............# .
#..........####
#............#
#.@........#...
######.....###..
#>......# .
#...........
#..........#
#..........#
#(........##
#.........#


There were no monsters in sight!

Vanquished Creatures
  A gnoll (D:1)
  An adder (D:2)
  A dart slug (D:1)
  A leopard gecko (D:1)
  2 bats (D:1)
  A hobgoblin (D:1)
  3 jackals (D:1)
  A kobold (D:1)
  3 frilled lizards
  3 rats (D:1)
17 creatures vanquished.

Notes
Turn   | Place    | Note
-------+----------+-------------------------------------------
     0 | D:1      | Chiseanne the Vampire Fire Elementalist began the quest for the Orb.
     0 | D:1      | Reached XP level 1. HP: 13/13 MP: 3/3
    91 | D:1      | Reached skill level 1 in Conjurations
   340 | D:1      | Reached XP level 2. HP: 15/19 MP: 0/5
   971 | D:2      | Reached XP level 3. HP: 24/24 MP: 4/6
   994 | D:2      | Noticed Terence
  1029 | D:2      | Reached skill level 1 in Shields
  1029 | D:2      | HP: 1/24 [poisoned by an adder]
  1033 | D:2      | Succumbed to an adder's poison

Skill      XL: |  1  2  3 |
---------------+----------+-----
Conjurations   | 1 |  1.2
Shields        | 1 |  1.0
Dodging        | |  2.1
Stealth        | |  3.0
Spellcasting   | |  2.4
Fire Magic     | |  2.7

Action                   || total
-------------------------++-------
Melee: Unarmed           ||    10
       Bite              ||     1
       Whip              ||    19
Throw: Stone             ||     3
 Cast: Flame Tongue      ||    27
  Use: Scroll            ||     5
       Potion            ||     3
Armor: Robe              ||     6
Dodge: Dodged            ||    33
Block: Buckler           ||     4
